 Dungeon Crawl Stone Soup version 0.23-a0-449-g8e4cbf7 (webtiles) character file.

9 Amnesiac the Digger (level 2, 9/19 HPs)
             Began as a Demonspawn Earth Elementalist on Nov 22, 2018.
             Quit the game on level 1 of the Dungeon.
             The game lasted 00:00:55 (433 turns).

Amnesiac the Digger (Demonspawn Earth Elementalist)  Turns: 433, Time: 00:00:56

Health: 9/19       AC:  2    Str:  8    XL:     2   Next: 3%
Magic:  1/5        EV: 12    Int: 16    God:
Gold:   0          SH:  0    Dex: 13    Spells: 4/5 levels left

rFire    . . .     SeeInvis .   a - +0 dagger
rCold    . . .     Gourm    .   (no shield)
rNeg     . . .     Faith    .   c - +0 robe
rPois    .         Spirit   .   (no helmet)
rElec    .         Reflect  .   e - scarf {repulsion}
rCorr    .         Harm     .   (no gloves)
MR       .....                  (no boots)
Stlth    ++........             (no amulet)
HPRegen  0.06/turn              (no ring)
MPRegen  0.09/turn              (no ring)

@: repel missiles
A: claws 1
a: no special abilities


You were on level 1 of the Dungeon.
You were not hungry.

You visited 1 branch of the dungeon, and saw 1 of its levels.

Inventory:

Hand Weapons
 a - a +0 dagger (weapon)
Missiles
 b - 27 stones (quivered)
Armour
 c - a +0 robe (worn)
 e - a scarf of repulsion (worn)
Scrolls
 g - a scroll of enchant weapon {!r, unknown}
 i - a scroll of remove curse {!r, unknown}
Potions
 f - a potion of curing {!q, unknown}
Comestibles
 d - a ration
 h - 2 chunks of flesh


   Skills:
 - Level 1.7 Dodging
 - Level 1.7 Stealth
 + Level 2.2 Spellcasting
   Level 0.8 Transmutations
 * Level 3.1 Earth Magic


You had 4 spell levels left.
You knew the following spells:

 Your Spells              Type           Power        Failure   Level  Hunger
a - Sandblast             Erth           ##....       5%          1    #......

Your spell library contained the following spells:

 Spells                   Type           Power        Failure   Level  Hunger
 Passwall                 Tmut/Erth      #.......     14%         2    ###....
 Stone Arrow              Conj/Erth      #.....       32%         3    ###....
 Petrify                  Tmut/Erth      #.......     65%         4    #####..
 Lee's Rapid Deconstruct  Erth           ##........   83%         5    ######.


Dungeon Overview and Level Annotations

Branches:
Dungeon (1/15)

Altars:


Innate Abilities, Weirdness & Mutations

You have sharp fingernails.


Message History

Your Earth Magic skill increases to level 3!
No target in view!
No target in view!
No target in view!
You start resting.
A kobold comes into view.
The kobold shouts!
You hit the kobold.
The kobold is moderately wounded.
You hear a shout!
A hobgoblin comes into view. It is wielding a +0 club.
The kobold hits you but does no damage.
You hear a shout!
You closely miss the kobold.
The kobold is moderately wounded.
The kobold hits you.
You barely miss the kobold.
The kobold is moderately wounded.
The kobold barely misses you.
You completely miss the kobold.
The kobold is moderately wounded.
The kobold hits you but does no damage.
You barely miss the kobold.
The kobold is moderately wounded.
The kobold misses you.
You closely miss the kobold.
The kobold is moderately wounded.
The kobold closely misses you.
You hit the kobold.
The kobold is severely wounded.
The kobold hits you.
You barely miss the kobold.
The kobold is severely wounded.
The kobold hits you.
* * * LOW HITPOINT WARNING * * *
You hit the kobold.
You kill the kobold!
Casting: Sandblast (safe; 6% risk of failure)
Confirm with . or Enter, or press ? or * to list all spells.
Aiming: Sandblast (safe; 6% risk of failure)
Press: ? - help, Shift-Dir - straight line, f - hobgoblin
Aim: a hobgoblin, wielding a +0 club The blast of sand hits the hobgoblin.
The hobgoblin is moderately wounded.
b - 28 stones The hobgoblin barely misses you.
Casting: Sandblast (safe; 6% risk of failure)
Confirm with . or Enter, or press ? or * to list all spells.
Aiming: Sandblast (safe; 6% risk of failure)
Press: ? - help, Shift-Dir - straight line, f/p - hobgoblin
Aim: a hobgoblin, wielding a +0 club (moderately wounded)
The blast of sand hits the hobgoblin.
You kill the hobgoblin!
You have reached level 2!
Your demonic ancestry asserts itself...
Your fingernails lengthen.
b - 27 stones
i - a scroll labeled YNAUVOR KIMARHO {!r}
Things that are here:
a +0 club; a kobold corpse The kobold corpse isn't edible.
The kobold corpse isn't edible.
The kobold corpse isn't edible.
Are you sure you want to abandon this character and quit the game? (Confirm

..[# #........#. #..#
#....÷##.#.
###..#####.##.##.#.
###.#)#.÷##.......##.#.
............##.##.##...
#)#.###).#####.......#.
# #...# ####......
..#.#.###..# #.##.##
........@..# ...##...
.#.###.###.# #########
#. #.# #... #. #.# #...
#. #.# #..# .. .$. #..#
## .# #####..#
......... .........


There were no monsters in sight!

Vanquished Creatures
  A leopard gecko (D:1)
  A giant cockroach (D:1)
  2 goblins (D:1)
  A hobgoblin (D:1)
  A kobold (D:1)
  A rat (D:1)
7 creatures vanquished.

Notes
Turn   | Place    | Note
-------+----------+-------------------------------------------
     0 | D:1      | Amnesiac the Demonspawn Earth Elementalist began the quest
                  | for the Orb.
     0 | D:1      | Reached XP level 1. HP: 13/13 MP: 3/3
   333 | D:1      | Reached skill level 3 in Earth Magic
   430 | D:1      | Gained mutation: You have sharp fingernails. [demonic
                  | ancestry]
   430 | D:1      | Reached XP level 2. HP: 9/19 MP: 1/5
   433 | D:1      | Quit the game

Vault maps used:
D:1:      dpeg_arrival_rhombus, minmay_heptomino_h4

Skill      XL: |  1 |
---------------+----+-----
Earth Magic    | 3 |  3.1
Dodging        | |  1.7
Stealth        | |  1.7
Spellcasting   | |  2.2
Transmutations | |  0.8

Action                   || total
-------------------------++-------
Melee: Dagger            ||    25
       Unarmed           ||    15
 Cast: Sandblast         ||     3
Armor: Robe              ||     8
Dodge: Dodged            ||    26

Table legend:
 A = Non-vault XP
 B = Vault XP
 C = Vault XP percentage of total XP
 D = Non-vault monster count
 E = Vault monster count
 F = Vault count percentage of total count
                 A         B        C        D         E       F
            +---------+---------+-------+---------+---------+-------
      Total |       9 |       4 |  30.8 |       5 |       2 |  28.6
            +---------+---------+-------+---------+---------+-------
        D:1 |       9 |       4 |  30.8 |       5 |       2 |  28.6
            +---------+---------+-------+---------+---------+-------
